Unix NetHack Version 5.0.0-0 post-release - last build May 30 2026 05:04:26 (55804bc15828dd6e32e9076e0726aa6fccb6e981,branch:main).

Game began 2026-05-30 20:17:58, ended 2026-05-30 20:37:46.

DaveT, lawful male human Priest

                                       ---           ----
                                    ----.--          |..|
                                   --.|...---        |..|             ----
                                -- |........--       |.--        ---- |..|    |
                                |.--.........--      |.|         |..---..--- .|
                               --.............|      |.|   ----- |.........|-.|
                               |..(...........--    --.|   |...----........|..|
                               --..............--   |..-----.)..%|...........-
                                --...........|..-----...--...%.............<.|
                                 -..|.)..-..---...................---.---....|
                                |...|-.f....| ------...--%.........||----...--
                                -.---|......|      |.............---|.......--
                                ..   ---..h--      |...........------..--....|
                               ---     |...|     ---..........----..........-
                                       |..--    --.......*....| |..----.....|
                                       ----    --............%| |.--  ---..--
                                               |...........)..---*|     |.--
                                               |..................|     ---
                                               --..........|.------
                                                ---.|.--..----
                                                  ---------
DaveT the Adept              St:11 Dx:15 Co:15 In:9 Wi:18 Ch:10  Lawful
Dlvl:6  $:2227 HP:0(50) Pw:73(89) AC:4  Xp:6 T:3509  Burdened

Latest messages:
 The jaguar misses!
 The jaguar hits!
 The jaguar bites!
 You kill the jaguar!
 You see here a jaguar corpse.
 There is a jaguar corpse here; eat it? [ynq] (n) y
 This jaguar corpse is gamey.
 You feel tough!
 You must have been leading a healthy life-style.
 You finish eating the jaguar corpse.
 You see here a flute.
 You have a little trouble lifting X - a flute.
 What do you want to read? [mxIM-O or ?*] I
 As you read the scroll, it disappears.
 You feel like someone is helping you.
 What do you want to zap? [wzHP or ?*] ?
 In what direction? h
 The wand hits the brown mold!
 You kill the brown mold!
 What do you want to zap? [wzHP or ?*] P
 In what direction? j
 Status of the dwarf (lawful, medium):  Level 3  HP 18(18)  AC 8, peaceful.
 You see here a leash.
 You see here an arrow.
 An arrow shoots out at you!
 An arrow misses you.
 You see here a candle.
 You have a little trouble lifting s - a candle (3 in total).
 The jaguar hits!
 The jaguar hits again!
 The jaguar bites!
 You hit the jaguar.
 The jaguar misses!
 The jaguar hits!
 The jaguar bites!
 You hit the jaguar!
 The jaguar just misses!
 The jaguar hits!
 The jaguar bites!
 In what direction? .
 You feel better.
 The jaguar misses!
 The jaguar hits!
 The jaguar bites!
 The jaguar hits!
 The jaguar hits again!
 The jaguar bites!
 You die...
 Do you want your possessions identified? [ynq] (y) y
 Do you want to see your attributes? [ynq] (y) q

Inventory:
 Coins    ('$')
  $ - 2227 gold pieces
 Weapons  (')')
  S - 2 +0 darts
  r - a +0 elven dagger
  C - 2 +0 orcish daggers
  a - a blessed +1 mace (weapon in right hand)
  D - a +0 mace
 Armor    ('[')
  G - a blessed +0 orcish helm (being worn)
  c - a +0 small shield (being worn)
  b - a +0 robe (being worn)
  V - a +0 leather armor (being worn)
 Comestibles  ('%')
  U - a carrot
  e - a clove of garlic
  A - 3 food rations
  f - 2 sprigs of wolfsbane
 Scrolls  ('?')
  m - a scroll of confuse monster
  x - a scroll of confuse monster
  N - a scroll of destroy armor
 Spellbooks  ('+')
  O - a spellbook of detect unseen
  M - a spellbook of slow monster
 Potions  ('!')
  t - a potion of confusion
  u - a potion of levitation
  d - 2 potions of holy water
  W - 2 potions of water
 Wands    ('/')
  z - a wand of create monster (0:13)
  w - a wand of polymorph (0:3)
  P - a wand of probing (0:3)
  H - a wand of striking (0:6)
 Tools    ('(')
  X - a wooden flute
  k - a lock pick
  E - a magic marker (0:83)
  j - a magic marker (0:67)
  J - a magic marker (0:54)
  i - a magic marker (0:19)
  y - a pair of lenses (being worn)
  q - a +0 pick-axe
  s - 3 tallow candles
  T - a towel
 Gems/Stones  ('*')
  B - 2 aquamarine stones
  R - a worthless piece of blue glass
  o - a worthless piece of orange glass
  Q - a worthless piece of violet glass
  v - a worthless piece of yellow glass

DaveT the Priest's attributes:

Background:
 You were an Adept, a level 6 human Priest.
 You were lawful, on a mission for Issek
 who was opposed by Mog (neutral) and Kos (chaotic).
 You were right-handed.
 You were in the Gnomish Mines, on level 6.
 You entered the dungeon 3509 turns ago.
 You had 554 experience points, 86 more were needed to attain level 7.

Basics:
 You had 0 out of 50 hit points.
 You had 73 out of 89 energy points (spell power).
 Your armor class was 4.
 Your wallet contained 2227 zorkmids.
 Autopickup was off.

Final Characteristics:
 Your strength was 11 (limit:18/100).
 Your dexterity was 15 (peak:16, limit:18).
 Your constitution was 15 (limit:18).
 Your intelligence was 9 (limit:18).
 Your wisdom was 18 (limit:18).
 Your charisma was 10 (limit:18).

Final Status:
 You weren't hungry.
 You were burdened; movement was slightly slowed.
 You were wielding a mace.
 You had basic skill with mace and could have enhanced that.

Final Attributes:
 You were piously aligned.
 You were telepathic.
 You were invisible.
 You were guarded.
 Your spell casting was enhanced by wearing a robe.
 You are dead.

Miscellaneous:
 You didn't encounter any bones levels.
 Total elapsed playing time was 19 minutes and 47 seconds.

Major events:
 Turn
    1: DaveT the lawful human Priest entered the dungeon
  930: attained the rank of Acolyte (level 3)
 1949: entered the Gnomish Mines
 2656: attained the rank of Adept (level 6)
 3509: killed by a jaguar

Spells:
 Name                 Level Category     Fail Retention
 healing                1   healing        0%  76%-100%
 detect unseen          3   divination    73%  76%-100%

Skills:
 Fighting Skills
   bare handed combat [Unskilled]
 Weapon Skills
   club               [Unskilled]
   mace               [Basic]
   morning star       [Unskilled]
   flail              [Unskilled]
   hammer             [Unskilled]
   quarterstaff       [Unskilled]
   polearms           [Unskilled]
   spear              [Unskilled]
   trident            [Unskilled]
   lance              [Unskilled]
   bow                [Unskilled]
   sling              [Unskilled]
   crossbow           [Unskilled]
   dart               [Unskilled]
   shuriken           [Unskilled]
   boomerang          [Unskilled]
   unicorn horn       [Unskilled]
 Spellcasting Skills
   healing spells     [Unskilled]
   divination spells  [Unskilled]
   clerical spells    [Basic]

Voluntary challenges:
 Character rerolling was not enabled.
 You never genocided any monsters.
 You never polymorphed an object.
 You never changed form.
 You used no wishes.
Achievements:
 You attained the rank of Acolyte.
 You entered a shop.
 You entered the Gnomish Mines.
 You attained the rank of Adept.

 The Dungeons of Doom: levels 1 to 5
    Level 1:
       Some fountains, a grave.
    Level 2:
       A sink.
    Level 3: "vault"
       A general store.
    Level 4: "vault door in NW"
       A general store.
       Stairs down to The Gnomish Mines.
    Level 5:
 The Gnomish Mines: levels 5 to 6
    Level 5:
    Level 6: <- You were here.
       Final resting place for
          you, killed by a jaguar.


Vanquished creatures:
  a small mimic
  a jaguar
  a rock piercer
  a fog cloud
  2 gnome leaders
  a gnomish wizard
  a gray ooze
  2 straw golems
  a floating eye
  a dwarf
  2 homunculi
 11 hill orcs
  a giant bat
 an orc zombie
 an iguana
  4 coyotes
  a hobbit
  a manes
  4 giant rats
  a brown mold
  a green mold
 18 gnomes
  2 geckos
  5 jackals
  4 goblins
  3 sewer rats
  a grid bug
  a bat
  4 lichens
  2 kobold zombies
  5 newts
85 creatures vanquished.

No species were genocided or became extinct.

Game over:
                       ----------
                      /          \
                     /    REST    \
                    /      IN      \
                   /     PEACE      \
                  /                  \
                  |      DaveT       |
                  |     2227 Au      |
                  |   killed by a    |
                  |      jaguar      |
                  |                  |
                  |                  |
                  |       2026       |
                 *|     *  *  *      | *
        _________)/\\_//(\/(/\)/\//\/|_)_______

Goodbye DaveT the Priest...

You died in The Gnomish Mines on dungeon level 6 with 4541 points,
and 2227 pieces of gold, after 3509 moves.
You were level 6 with a maximum of 50 hit points when you died.

